 Dungeon Crawl Stone Soup version 0.30-a0-364-gf6b3ef1049 (webtiles) character file.

Game seed: 15672914716178018904

67 sleeves the Slasher (level 3, -1/29 HPs)
             Began as a Demonspawn Monk on Nov 14, 2022.
             Slain by a kobold
             ... wielding a +0 dagger
              (3 damage)
             ... on level 2 of the Dungeon.
             The game lasted 00:01:09 (1291 turns).

sleeves the Slasher (Demonspawn Monk)               Turns: 1291, Time: 00:01:09

Health: -1/29      AC:  4    Str: 11    XL:     3   Next: 98%
Magic:  3/3        EV: 13    Int: 11    God:
Gold:   67         SH:  0    Dex: 17    Spells: 2/2 levels left

rFire   . . .      SeeInvis .    a - +0 falchion
rCold   . . .      Faith    .    (no shield)
rNeg    . . .      Spirit   .    b - +0 robe
rPois   .          Reflect  .    (no helmet)
rElec   .          Harm     .    (no cloak)
rCorr   .          Rampage  .    (no gloves)
Will    .....                    (no boots)
Stlth   ++........               (no amulet)
HPRegen 0.24/turn                (no ring)
MPRegen 0.08/turn                (no ring)

@: no status effects
A: yellow scales 1, demonic magic 1
a: no special abilities


You were on level 2 of the Dungeon.
You visited 1 branch of the dungeon, and saw 2 of its levels.

You collected 67 gold pieces.

Inventory:

Hand Weapons
 a - a +0 falchion (weapon)
Armour
 b - a +0 robe (worn)
Jewellery
 f - an amulet of faith
   (You found it on level 1 of the Dungeon)
Scrolls
 d - a scroll of fear {unknown}
 g - a scroll of identify {unknown}
Potions
 c - 2 potions of ambrosia
 e - 3 potions of curing {unknown}
 h - a potion of might {unknown}


   Skills:
 - Level 3.0 Fighting
 + Level 4.4 Long Blades
 - Level 2.6 Dodging
 - Level 1.7 Stealth


You had 2 spell levels left.
You didn't know any spells.
Your spell library was empty.

Dungeon Overview and Level Annotations

Branches:
Dungeon (2/15)

Altars:


Innate Abilities, Weirdness & Mutations

You are partially covered in yellow scales. (AC +2)
Spells you cast may paralyse adjacent enemies.


Message History

Welcome, sleeves the Demonspawn Monk.
Will you prevail where others failed? Will you find the Orb of Zot?
Press ? for a list of commands and other information.
Found a staircase leading out of the dungeon.
As you open the door, it creaks loudly!
There is an open door here.
You open the door.
There is an open door here.
You open the door.
There is an open door here.
d - a scroll labelled XOLYANK ROOLI A rat comes into view. 2 kobolds come into view.
Found a whip.
The kobold shouts! x2
A rat comes into view.
A bat comes into view.
The bat moves out of view.
The kobold misses you.
You barely miss the kobold. The kobold hits you with a +0 club.
The rat completely misses you.
You hit the kobold.
You kill the kobold!
The rat barely misses you.
You hit the kobold.
The kobold is heavily wounded.
The rat completely misses you. The kobold hits you but does no damage.
You hit the kobold.
You kill the kobold!
A frilled lizard comes into view.
The rat closely misses you.
You barely miss the rat. The rat bites you.
The frilled lizard hisses angrily.
You slash the rat!
You kill the rat!
A kobold comes into view. It is wielding a +0 dagger.
You see here a rat corpse.
The rat barely misses you.
The frilled lizard completely misses you.
The kobold shouts!
You slash the rat!
You kill the rat!
The bat hits you. The frilled lizard barely misses you.
The kobold hits you but does no damage.
The frilled lizard bites you but does no damage.
Your Long Blades skill increases to level 3!
You miss the frilled lizard. The bat barely misses you.
The kobold hits you with a +0 dagger. The frilled lizard bites you.
You are too injured to fight recklessly!
You are too injured to fight recklessly!
You are too injured to fight recklessly!
You are too injured to fight recklessly!
You are too injured to fight recklessly!
You are too injured to fight recklessly!
You are too injured to fight recklessly!
The bat barely misses you. The bat closely misses you. The bat hits you.
You swing at nothing.
The bat hits you but does no damage. x2
You hit the bat.
The bat is heavily wounded.
The bat hits you. The bat misses you.
You swing at nothing.
The bat completely misses you.
You hit the bat but do no damage.
The bat is heavily wounded.
The bat closely misses you.
You closely miss the kobold. The kobold misses you.
You slash the kobold!
You kill the kobold!
The bat completely misses you.
The frilled lizard bites you but does no damage.
You hit the frilled lizard.
You kill the frilled lizard!
You closely miss the bat. The bat hits you but does no damage.
The bat closely misses you.
You hit the bat but do no damage. The bat misses you.
You swing at nothing.
The bat closely misses you.
You swing at nothing.
You hit the bat.
The bat is severely wounded.
The bat closely misses you.
You swing at nothing.
The bat hits you.
You swing at nothing.
You miss the bat.
The bat is moderately wounded.
The bat barely misses you.
You swing at nothing.
The bat misses you.
You swing at nothing.
The bat barely misses you.
You swing at nothing.
The bat hits you but does no damage. The bat closely misses you.
You swing at nothing.
The bat barely misses you. x2
You barely miss the bat. The bat hits you but does no damage.
You swing at nothing.
You closely miss the bat. The bat misses you.
The bat hits you but does no damage.
You slash the bat!
You kill the bat!
You swing at nothing.
You swing at nothing.
You swing at nothing.
You swing at nothing.
You swing at nothing.
You swing at nothing.
You swing at nothing.
HP restored.
Found a stone staircase leading down.
An endoplasm comes into view.
A giant cockroach comes into view.
The endoplasm quivers.
Found 2 cyan potions.
The helpless giant cockroach fails to defend itself.
You hit the giant cockroach but do no damage.
The giant cockroach barely misses you. The endoplasm hits you.
The giant cockroach barely misses you.
You hit the giant cockroach but do no damage.
The endoplasm freezes you.
You are frozen.
The giant cockroach bites you but does no damage.
You are too injured to fight recklessly!
You are too injured to fight recklessly!
You are too injured to fight recklessly!
You are too injured to fight recklessly!
You are too injured to fight recklessly!
You are too injured to fight recklessly!
You are too injured to fight recklessly!
You are too injured to fight recklessly!
The endoplasm attacks as you move away! The endoplasm closely misses you.
The endoplasm attacks as you move away!
The endoplasm hits you but does no damage.
You hit the giant cockroach.
The giant cockroach is heavily wounded.
The giant cockroach closely misses you. x2
You hit the giant cockroach.
You kill the giant cockroach!
The endoplasm freezes you.
You are frozen.
You have reached level 2!
Your demonic ancestry asserts itself...
A menacing aura infuses your magic.
You slash the endoplasm!
You kill the endoplasm!
You swing at nothing.
You swing at nothing.
You see here a giant cockroach corpse.
A goblin comes into view. It is wielding a +0 dagger.
Found a shortbow.
A goblin is nearby!
A goblin is nearby!
Found 2 stones.
The helpless goblin fails to defend itself.
You hit the goblin.
You kill the goblin!
No target in view!
No target in view!
No target in view!
No target in view!
No target in view!
No target in view!
No target in view!
e - 2 cyan potions
f - an amulet of faith No target in view!
No target in view!
No target in view!
No target in view!
No target in view!
No target in view!
No target in view!
No target in view!
No target in view!
A frilled lizard comes into view.
A frilled lizard is nearby!
A frilled lizard is nearby!
A giant cockroach comes into view.
The frilled lizard hisses angrily.
You slash the frilled lizard!
You kill the frilled lizard!
You hit the giant cockroach.
The giant cockroach is moderately wounded.
The giant cockroach barely misses you.
The giant cockroach bites you but does no damage.
You hit the giant cockroach.
You kill the giant cockroach!
No target in view!
No target in view!
No target in view!
No target in view!
No target in view!
No target in view!
Things that are here:
a giant cockroach corpse; a frilled lizard corpse A giant cockroach comes into view.
A giant cockroach is nearby!
A goblin comes into view. It is wielding a +0 dagger.
The goblin shouts!
The giant cockroach waves its antennae.
The giant cockroach closely misses you.
You hit the giant cockroach but do no damage.
The giant cockroach closely misses you. The giant cockroach barely misses you.
You slash the giant cockroach!
You kill the giant cockroach!
A goblin comes into view. It is wielding a +0 club.
The goblin hits you with a +0 dagger.
You see here a giant cockroach corpse.
You slash the goblin!
You kill the goblin!
The goblin shouts!
A hobgoblin comes into view.
The hobgoblin shouts!
The goblin misses you.
There are monsters nearby!
There are monsters nearby!
You barely miss the goblin. The goblin hits you with a +0 club.
You closely miss the goblin. The goblin hits you with a +0 club.
You hit the hobgoblin but do no damage. The goblin hits you with a +0 club.
The hobgoblin hits you.
You are too injured to fight recklessly!
You are too injured to fight recklessly!
You are too injured to fight recklessly!
You are too injured to fight recklessly!
You are too injured to fight recklessly!
You are too injured to fight recklessly!
You are too injured to fight recklessly!
You are too injured to fight recklessly!
You are too injured to fight recklessly!
You are too injured to fight recklessly!
You are too injured to fight recklessly!
You are too injured to fight recklessly!
You are too injured to fight recklessly!
You are too injured to fight recklessly!
You are too injured to fight recklessly!
You are too injured to fight recklessly!
The hobgoblin attacks as you move away! The hobgoblin hits you.
* * * LOW HITPOINT WARNING * * *
The hobgoblin attacks as you move away! The hobgoblin closely misses you.
You hit the hobgoblin.
The hobgoblin is heavily wounded.
The hobgoblin hits you.
* * * LOW HITPOINT WARNING * * *
You hit the hobgoblin.
You kill the hobgoblin!
The goblin hits you but does no damage.
You hit the goblin.
You kill the goblin!
You swing at nothing.
You swing at nothing.
You swing at nothing.
You swing at nothing.
You swing at nothing.
You swing at nothing.
You swing at nothing.
You swing at nothing.
You swing at nothing.
You swing at nothing.
You swing at nothing.
You swing at nothing.
Things that are here:
a +0 club; a hobgoblin corpse
Found an escape hatch in the floor.
You open the door.
There is an open door here.
There is an escape hatch in the floor here.
A goblin comes into view. It is wielding a +0 dagger.
Found a stone staircase leading down.
A goblin is nearby!
Found 2 stones and a robe.
The goblin shouts!
You hit the goblin but do no damage. The goblin completely misses you.
You hit the goblin.
You kill the goblin!
No target in view!
No target in view!
No target in view!
No target in view!
No target in view!
No target in view!
No target in view!
A ball python comes into view.
A ball python is nearby!
The ball python hisses angrily.
You barely miss the ball python. The ball python closely misses you. x2
The ball python bites you but does no damage.
The ball python grabs you. The ball python constricts you.
You hit the ball python.
The ball python is moderately wounded.
The ball python closely misses you. The ball python constricts you.
You closely miss the ball python.
The ball python is moderately wounded.
The ball python bites you. The ball python constricts you.
The ball python barely misses you. The ball python constricts you.
You hit the ball python.
You kill the ball python!
No target in view!
No target in view!
No target in view!
No target in view!
No target in view!
No target in view!
A giant cockroach comes into view.
A giant cockroach is nearby!
A giant cockroach is nearby!
The giant cockroach barely misses you. x2
You hit the giant cockroach.
You kill the giant cockroach!
No target in view!
No target in view!
No target in view!
No target in view!
No target in view!
No target in view!
No target in view!
No target in view!
No target in view!
No target in view!
No target in view!
Found a dagger.
You now have 9 gold pieces.
You now have 14 gold pieces (gained 5).
Found a stone staircase leading down.
There is a stone staircase leading down here.
A goblin comes into view. It is wielding a +0 dagger.
The goblin shouts!
A goblin is nearby!
The goblin hits you but does no damage.
You barely miss the goblin. The goblin barely misses you.
You hit the goblin.
The goblin is moderately wounded.
The goblin hits you with a +0 dagger.
You barely miss the goblin.
The goblin is moderately wounded.
The goblin barely misses you.
You closely miss the goblin. You punch the goblin.
You kill the goblin!
No target in view!
No target in view!
No target in view!
No target in view!
You see here a +0 dagger.
A rat comes into view.
Found a scroll labelled HEQIHO IDIGE.
A rat is nearby!
A rat is nearby!
You hit the rat but do no damage. The rat closely misses you.
You completely miss the rat. The rat bites you.
You barely miss the rat. The rat bites you. The rat barely misses you.
You slash the rat!
You kill the rat!
No target in view!
No target in view!
No target in view!
No target in view!
No target in view!
No target in view!
No target in view!
g - a scroll labelled HEQIHO IDIGE You see here a rat corpse.
As you open the door, it creaks loudly!
There is an open door here.
A frilled lizard comes into view.
A giant cockroach comes into view.
Found 4 gold pieces.
The frilled lizard hisses angrily.
You barely miss the frilled lizard. The frilled lizard bites you.
You slash the frilled lizard!
You kill the frilled lizard!
You see here 4 gold pieces.
The giant cockroach bites you but does no damage.
You barely miss the giant cockroach. The giant cockroach closely misses you.
The giant cockroach bites you.
You hit the giant cockroach.
You kill the giant cockroach!
No target in view!
No target in view!
No target in view!
No target in view!
No target in view!
You now have 18 gold pieces (gained 4).
You see here a giant cockroach corpse.
A frilled lizard comes into view.
A frilled lizard is nearby!
The helpless frilled lizard fails to defend itself.
You slash the frilled lizard!
You kill the frilled lizard!
No target in view!
No target in view!
No target in view!
No target in view!
No target in view!
No target in view!
Found 4 poisoned darts.
You see here 4 poisoned darts.
There is an open door here.
You see here a +0 dagger.
You see here 2 stones.
You see here 2 stones.
Key pressed, stopping explore.
You now have 26 gold pieces (gained 8).
You see here a +0 short sword.
You now have 30 gold pieces (gained 4).
There is an open door here.
You open the door.
There is an open door here.
h - an orange potion No target in view!
No target in view!
No target in view!
No target in view!
No target in view!
No target in view!
No target in view!
No target in view!
No target in view!
No target in view!
No target in view!
There is an open door here.
You open the door.
Done exploring.
Done exploring.
Done exploring.
(D) Dungeon
Where to? (? - help)
What level of the Dungeon? (default 1, ? - help)
Okay, then.
Unknown command.
(D) Dungeon
Where to? (? - help)
There is an open door here.
You see here a +0 dagger.
There is a stone staircase leading down here.
You climb downwards.
There is a stone staircase leading up here.
e - 3 cyan potions (gained 1)
Found 4 poisoned darts.
Found a stone staircase leading down.
Found 4 boomerangs.
A hobgoblin comes into view.
Found a dagger.
A hobgoblin is nearby!
A hobgoblin is nearby!
The helpless hobgoblin fails to defend itself.
You hit the hobgoblin.
You kill the hobgoblin!
You have reached level 3!
Your experience leads to an increase in your attributes!
Increase (S)trength, (I)ntelligence, or (D)exterity?
You feel agile. x2; Your demonic ancestry asserts itself...
Yellow scales grow over part of your body.
You see here a +0 dagger.
Found a hand axe.
A hobgoblin comes into view.
A hobgoblin is nearby!
The hobgoblin shouts!
You hit the hobgoblin.
The hobgoblin is heavily wounded.
The hobgoblin closely misses you.
A kobold comes into view. It is wielding a +0 club.
You barely miss the hobgoblin.
The hobgoblin is heavily wounded.
The hobgoblin barely misses you.
You barely miss the hobgoblin.
The hobgoblin is heavily wounded.
The hobgoblin hits you but does no damage.
You hit the hobgoblin.
You kill the hobgoblin!
You barely miss the kobold. The kobold hits you with a +0 club.
You hit the kobold.
The kobold is severely wounded.
The kobold hits you with a +0 club.
You miss the kobold.
The kobold is severely wounded.
The kobold barely misses you. The kobold hits you with a +0 club.
You barely miss the kobold.
The kobold is severely wounded.
The kobold completely misses you.
You closely miss the kobold.
The kobold is severely wounded.
The kobold barely misses you.
A kobold is nearby!
A kobold is nearby!
You closely miss the kobold.
The kobold is severely wounded.
The kobold hits you with a +0 club.
You barely miss the kobold.
The kobold is severely wounded.
The kobold hits you but does no damage.
You miss the kobold.
The kobold is severely wounded.
The kobold hits you with a +0 club.
You are too injured to fight recklessly!
You are too injured to fight recklessly!
You are too injured to fight recklessly!
You are too injured to fight recklessly!
You are too injured to fight recklessly!
You are too injured to fight recklessly!
A kobold is nearby!
A kobold is nearby!
A kobold is nearby!
You are too injured to fight recklessly!
You are too injured to fight recklessly!
You hit the kobold.
You kill the kobold!
Things that are here:
a +0 club; a kobold corpse; a hobgoblin corpse HP restored.
Found an escape hatch in the floor.
A ball python comes into view.
A ball python is nearby!
Found a leather armour.
The helpless ball python fails to defend itself.
You hit the ball python.
You kill the ball python!
No target in view!
No target in view!
No target in view!
No target in view!
No target in view!
No target in view!
You see here a ball python corpse.
Found a stone staircase leading up.
Found a stone staircase leading down.
No target in view!
No target in view!
No target in view!
No target in view!
No target in view!
No target in view!
No target in view!
No target in view!
No target in view!
No target in view!
There is a stone staircase leading down here.
You now have 39 gold pieces (gained 9).
You now have 44 gold pieces (gained 5).
A dart slug comes into view.
A dart slug is nearby!
A dart slug is nearby!
No target in view!
No target in view!
No target in view!
No target in view!
No target in view!
No target in view!
No target in view!
No target in view!
No target in view!
No target in view!
No target in view!
No target in view!
No target in view!
A dart slug is nearby!
A dart slug is nearby!
No target in view!
No target in view!
No target in view!
No target in view!
No target in view!
No target in view!
No target in view!
No target in view!
No target in view!
No target in view!
No target in view!
An endoplasm comes into view.
An adder and a bat come into view.
The adder hisses angrily.
The endoplasm barely misses you.
You hit the endoplasm.
The endoplasm is moderately wounded.
The endoplasm hits you but does no damage.
You hit the endoplasm.
You kill the endoplasm!
The adder closely misses you.
You miss the adder. The adder closely misses you.
You closely miss the adder. The adder bites you.
You are poisoned.
The adder poisons you! The adder misses you.
You closely miss the adder.
You feel sick. The adder bites you but does no damage.
You closely miss the adder.
You feel sick. The adder closely misses you. The adder misses you.
You slash the adder!
The adder is severely wounded.
You feel sick. The adder misses you.
You hit the adder.
The adder is almost dead.
You feel sick.
The adder bites you but does no damage. x2
You hit the adder.
You kill the adder!
You feel sick. The bat barely misses you. x2
Your Long Blades skill increases to level 4!
You miss the bat.
You feel sick.
You are no longer poisoned.
The bat closely misses you.
You barely miss the bat. You punch the bat.
You kill the bat!
You now have 57 gold pieces (gained 13).
A dart slug and an adder come into view.
Found 4 gold pieces.
The adder hisses angrily.
There are monsters nearby!
The dart slug launches a dart at you. The slug dart hits you.
You hit the adder but do no damage. The adder barely misses you.
The adder bites you.
You miss the adder. The adder barely misses you.
There are monsters nearby!
You closely miss the adder. The adder closely misses you.
The adder bites you but does no damage.
You hit the adder.
The adder is heavily wounded.
The adder bites you but does no damage. The dart slug launches a dart at you.
The slug dart hits you.
You miss the adder.
The adder is heavily wounded.
The adder bites you but does no damage. The dart slug launches a dart at you.
The slug dart hits you but does no damage.
You hit the adder.
The adder is almost dead.
The adder closely misses you. x2
You slash the adder!
You kill the adder!
The dart slug launches a dart at you.
The slug dart hits you but does no damage.
The dart slug misses you.
You hit the dart slug.
The dart slug is heavily wounded.
The dart slug bites you but does no damage.
You hit the dart slug but do no damage.
The dart slug is heavily wounded.
You hit the dart slug.
The dart slug is severely wounded.
The dart slug launches a dart at you. The slug dart hits you.
You slash the dart slug!
You kill the dart slug!
No target in view!
No target in view!
No target in view!
No target in view!
No target in view!
No target in view!
No target in view!
No target in view!
No target in view!
No target in view!
No target in view!
No target in view!
No target in view!
You now have 61 gold pieces (gained 4).
Found an escape hatch in the ceiling.
c - 2 potions of ambrosia (gained 1)
You enter the shallow water.
Moving in this stuff is going to be slow.
You enter the shallow water.
Moving in this stuff is going to be slow.
You enter the shallow water.
Moving in this stuff is going to be slow.
Found 4 stones.
You now have 67 gold pieces (gained 6).
You see here 4 stones.
As you open the gate, it creaks loudly!
A spectral kobold comes into view.
You hear a shout!
Found a faded altar of an unknown god.
There is an open gate here.
A gnoll comes into view. It is wielding a +0 spear.
The gnoll shouts!
You hear a shout! x2
The spectral kobold misses you.
You slash the spectral kobold!
You destroy the spectral kobold!
A hobgoblin comes into view.
The gnoll hits you with a +0 spear!
You closely miss the gnoll.
The hobgoblin shouts!
You punch the gnoll.
The gnoll is lightly wounded.
A kobold comes into view. It is wielding a +0 dagger.
A gnoll comes into view. It is wielding a +0 halberd.
A gnoll comes into view. It is wielding a +0 spear.
The gnoll closely misses you.
You hit the gnoll.
The gnoll is moderately wounded.
The gnoll hits you with a +0 spear.
You hit the gnoll.
The gnoll is heavily wounded.
A gnoll comes into view. It is wielding a +0 flail.
The gnoll hits you with a +0 spear.
You are too injured to fight recklessly!
You are too injured to fight recklessly!
There are monsters nearby!
There are monsters nearby!
You are too injured to fight recklessly!
You completely miss the gnoll.
The gnoll is heavily wounded.
The gnoll misses you.
You closely miss the gnoll.
The gnoll is heavily wounded.
The gnoll shouts!
You hit the hobgoblin but do no damage. The gnoll hits you with a +0 spear.
The hobgoblin hits you but does no damage.
The gnoll hits you with a +0 spear!
* * * LOW HITPOINT WARNING * * *
The kobold attacks as you move away! The kobold misses you.
The gnoll barely misses you.
You enter the shallow water.
Moving in this stuff is going to be slow.
The kobold barely misses you.
There is an open gate here.
The kobold attacks as you move away! The kobold hits you with a +0 dagger.
* * * LOW HITPOINT WARNING * * *
The gnoll splashes around in the water.
You see here 4 stones.
The hobgoblin attacks as you move away! The hobgoblin barely misses you.
The kobold attacks as you move away! The kobold barely misses you.
The hobgoblin attacks as you move away! The hobgoblin closely misses you.
The hobgoblin attacks as you move away! The hobgoblin misses you.
There is an escape hatch in the ceiling here.
The hobgoblin closely misses you.
The gnoll hits you from afar with a +0 spear.
* * * LOW HITPOINT WARNING * * *
A mysterious force pulls you upwards. The hatch slams shut behind you.
You see here a +0 dagger.
You closely miss the hobgoblin. The hobgoblin hits you.
* * * LOW HITPOINT WARNING * * *
The hobgoblin closely misses you.
You hit the hobgoblin.
The hobgoblin is heavily wounded.
The hobgoblin hits you but does no damage.
You hit the hobgoblin.
The hobgoblin is almost dead.
The hobgoblin hits you but does no damage.
You hit the hobgoblin but do no damage.
The hobgoblin is almost dead.
The hobgoblin closely misses you.
You slash the hobgoblin!
You kill the hobgoblin!
There is a stone staircase leading down here.
You start resting.
HP restored.
You climb downwards.
There is a stone staircase leading up here.
A gnoll is nearby!
A gnoll is nearby!
The gnoll barely misses you. The gnoll misses you.
You barely miss the gnoll. The gnoll hits you with a +0 spear.
You barely miss the gnoll. The gnoll hits you with a +0 spear.
You are too injured to fight recklessly!
You are too injured to fight recklessly!
You are too injured to fight recklessly!
You are too injured to fight recklessly!
You are too injured to fight recklessly!
You are too injured to fight recklessly!
You are too injured to fight recklessly!
You are too injured to fight recklessly!
You are too injured to fight recklessly!
You are too injured to fight recklessly!
You closely miss the gnoll. The gnoll hits you with a +0 spear!
* * * LOW HITPOINT WARNING * * *
You hit the gnoll but do no damage. The gnoll barely misses you.
You closely miss the gnoll. The gnoll hits you with a +0 spear.
* * * LOW HITPOINT WARNING * * *
You barely miss the gnoll. The gnoll hits you with a +0 spear.
* * * LOW HITPOINT WARNING * * *
You closely miss the gnoll. The gnoll hits you with a +0 spear.
* * * LOW HITPOINT WARNING * * *
You hit the gnoll.
The gnoll is heavily wounded.
The gnoll hits you but does no damage.
You closely miss the gnoll.
The gnoll is heavily wounded.
The gnoll hits you with a +0 spear.
* * * LOW HITPOINT WARNING * * *
You hit the gnoll.
The gnoll is almost dead.
The gnoll hits you but does no damage.
You hit the gnoll.
You kill the gnoll!
You closely miss the kobold. The kobold hits you but does no damage.
The kobold hits you with a +0 dagger.
* * * LOW HITPOINT WARNING * * *
You hit the kobold.
The kobold is moderately wounded.
The kobold hits you but does no damage.
You barely miss the kobold.
The kobold is moderately wounded.
The kobold hits you with a +0 dagger.
You die...

#...## #..# ###.##########.#
.....###..# #.....# #.#
..........#######.###.########.#
.....####....>....#
#.รท.[...##.# #...##
#########.###.#####.##.# ##.##
#.....# #.##.# ##.# ###.###
#.##.# ##.################.#
#.##.# ...............K@..<#
#.##.# .............<#######
#.##.# #.###.#######.# ###.##.#
#.##...######g# #......#
#.##.~~~.~.##g# ##.###..#
#.##..####~#.g# #..# #..#
#.##.~#8~~...K### #>.###.##
#.###~#~~####...###### #......#
#.# #~##~~~~##g......# #.##.###


You could see a kobold.

Vanquished Creatures
  2 adders (D:2)
  A gnoll (D:2)
  A dart slug (D:2)
  2 bats
  2 endoplasms
  5 giant cockroaches (D:1)
  5 goblins (D:1)
  4 hobgoblins
  4 kobolds
  2 ball pythons
  4 frilled lizards (D:1)
  3 rats (D:1)
  A spectral kobold (D:2)
36 creatures vanquished.

Notes
Turn   | Place    | Note
-------+----------+-------------------------------------------
     0 | D:1      | sleeves the Demonspawn Monk began the quest for the Orb.
     0 | D:1      | Reached XP level 1. HP: 18/18 MP: 1/1
    32 | D:1      | Reached skill level 3 in Long Blades
    87 | D:1      | Gained mutation: Spells you cast may paralyse adjacent
                  | enemies. [demonic ancestry]
    87 | D:1      | Reached XP level 2. HP: 15/24 MP: 2/2
   210 | D:1      | HP: 11/24 [hobgoblin (3)]
   838 | D:2      | Gained mutation: You are partially covered in yellow
                  | scales. (AC +2) [demonic ancestry]
   838 | D:2      | Reached XP level 3. HP: 29/29 MP: 3/3
  1029 | D:2      | Reached skill level 4 in Long Blades
  1150 | D:2      | Found a faded altar of an unknown god.
  1163 | D:2      | HP: 9/29 [gnoll/+0 spear (8)]
  1177 | D:2      | HP: 9/29 [gnoll/+0 spear (2)]
  1280 | D:2      | HP: 10/29 [gnoll/+0 spear (9)]
  1283 | D:2      | HP: 4/29 [gnoll/+0 spear (5)]
  1286 | D:2      | HP: 1/29 [gnoll/+0 spear (1)]
  1291 | D:2      | Slain by a kobold

Illustrated notes

Levels and vault maps discovered:
D:1:      evilmike_arrival_home_sweet_home, layout_basic
D:2:      layout_loops_ring, dreamdust_ecumenical_altar_drowned_temple,
          lemuel_flame_loot_1

Skill      XL: |  1  2  3 |
---------------+----------+-----
Long Blades    | 3 4 |  4.4
Fighting       | |  3.0
Dodging        | |  2.6
Stealth        | |  1.7

Action                   || total
-------------------------++-------
Melee: Falchion          ||   121
       Punch             ||     3
 Stab: Sleeping          ||     5
Armor: Robe              ||    36
Dodge: Dodged            ||    87

Table legend: (Time is in decaauts)
 A = Elapsed time spent in this place.
 B = Non-inter-level travel time spent in this place.
 C = Inter-level travel time spent in this place.
 D = Time resting spent in this place.
 E = Time spent auto-exploring this place.
 F = Levels seen in this place.
 G = Mean time per level.
                   A        B        C        D        E       F      G
               +--------+--------+--------+--------+--------+-----+--------+
         Total |   1312 |   1287 |     25 |     87 |    882 |   2 |  656.0 |
       Dungeon |   1312 |   1287 |     25 |     87 |    882 |   2 |  656.0 |
               +--------+--------+--------+--------+--------+-----+--------+

Top non-repeatable levels by time:
     D:1: 886 daAuts
     D:2: 425 daAuts
